 Dungeon Sprint DCSS version 0.18-a0-1354-gbc5753f (webtiles) character file.

1872 Kidiri the Covert (level 8, -2/42 HPs)
             Began as a Spriggan Enchanter on Feb 19, 2016.
             Was an Initiate of Dithmenos.
             Slain by an ice dragon (13 damage)
             ... in the Dungeon (Sprint II: "The Violet Keep of Menkaure").
             The game lasted 00:04:27 (457 turns).

Kidiri the Covert (Spriggan Enchanter)               Turns: 457, Time: 00:04:27

Health: -2/42      AC:  3    Str:  4    XL:     8   Next: 91%
Magic:  16/22      EV: 27    Int: 18    God:    Dithmenos [......]
Gold:   143        SH:  0    Dex: 17    Spells: 7 memorised, 4 levels left

rFire  . . .     SeeInvis +     a - +1 dagger
rCold  . . .     Gourm    .     b - +1 robe
rNeg   . . .     Faith    .     (shield restricted)
rPois  .         Spirit   .     (helmet restricted)
rElec  .         Dismiss  .     (no cloak)
rCorr  .         Reflect  .     (gloves unavailable)
SustAt .         Harm     .     (boots unavailable)
MR     +....     NoTele   +     (no amulet)
Stlth  ++++++....               (no ring)
                                (no ring)

@: very quick, somewhat resistant to hostile enchantments, very stealthy
A: unfitting armour, see invisible, herbivore 3, speed 3, slow metabolism 2
a: Renounce Religion


You were in the Dungeon.
You worshipped Dithmenos.
Dithmenos was noncommittal.
You were not hungry.

You visited 1 branch You collected 1053 gold pieces.
You spent 910 gold pieces at shops.

Inventory:

Hand Weapons
 a - a +1 dagger (weapon)
Armour
 b - a +1 robe (worn)
Scrolls
 e - a scroll of fear {unknown}
 j - a scroll of blinking
Potions
 g - a potion of haste
 h - a potion of magic
Books
 c - a book of Maledictions

   Spells                             Type                      Level
   a - Corona                         Hexes                        1
   b - Ensorcelled Hibernation        Hexes/Ice                    2
   c - Confuse                        Hexes                        3
   d - Tukima's Dance                 Hexes                        3
   e - Dazzling Spray                 Conjuration/Hexes            3
 i - a book of the Sky

   Spells                             Type                      Level
   a - Summon Lightning Spire         Summoning/Air                4
   b - Airstrike                      Air                          4
   c - Silence                        Hexes/Air                    5
   d - Deflect Missiles               Charms/Air                   6
   e - Conjure Ball Lightning         Conjuration/Air              6
   f - Tornado                        Air                          9
Comestibles
 d - a bread ration


   Skills:
 + Level 4.3 Fighting
 * Level 8.6 Short Blades
 + Level 4.0 Armour
 * Level 11.4 Dodging
 * Level 12.7 Stealth
 * Level 9.8 Spellcasting
 + Level 3.4 Conjurations
 + Level 7.5 Hexes
 + Level 4.2 Ice Magic
 + Level 3.1 Air Magic
 + Level 0.0 Invocations


You had 4 spell levels left.
You knew the following spells:

 Your Spells              Type           Power        Failure   Level  Hunger
a - Corona                Hex            #####..      1%          1    None
b - Ensorcelled Hibernat  Hex/Ice        ####..       1%          2    None
c - Confuse               Hex            #####...     1%          3    None
d - Tukima's Dance        Hex            #####...     1%          3    None
e - Dazzling Spray        Conj/Hex       ####....     2%          3    None
f - Airstrike             Air            ###.......   24%         4    ###....
g - Conjure Ball Lightni  Conj/Air       ###.......   100%        6    ######.


Dungeon Overview and Level Annotations

Branches:
Dungeon (1/1)

Altars:
Cheibriados
Dithmenos
Elyvilon
Fedhas
Gozag
Kikubaaqudgha
Makhleb
Nemelex Xobeh
Okawaru
Pakellas
Qazlal
Ru
Sif Muna
Trog
Vehumet
Xom
Yredelemnul
Zin
The Shining One
Beogh
Jiyva
Lugonu

Shops:
D (!:=[%=?(![!?*}:

Annotations:
D exclusion: oklob plant, Roxanne


Innate Abilities, Weirdness & Mutations

You are tiny and cannot use many weapons and most armour.
You have supernaturally acute eyesight.
You are an herbivore.
You cover ground extremely quickly.
You need consume almost no food.


Message History

Confirm with . or Enter, or press ? or * to list all spells.
Aiming: Confuse
Press: ? - help, Shift-Dir - straight line, f - ice dragon
Aim: an ice dragon (chance to defeat MR: 47%)
The ice dragon resists with some effort.
The ice dragon bites you! The ice dragon completely misses you.
The ice dragon tramples you!
* * * LOW HITPOINT WARNING * * *
You stumble backwards!
Unknown command.
Drink which item? (? for menu, Esc to quit)
Okay, then.
Casting: Confuse
Confirm with . or Enter, or press ? or * to list all spells.
Aiming: Confuse
Press: ? - help, Shift-Dir - straight line, f/p - ice dragon
Aim: an ice dragon (chance to defeat MR: 47%)
The ice dragon resists with some effort.
The ice dragon bites you!
You die... ......# .. #+##..# #. .#.##.#### +.### ###%# ...# ...#### % .#.####..#####..##.# [( #'###.##..#.$'..#).# )$( #.###..#..#$)#..#.%# ($?$ .<.'.##'..####.D##(# ($)$[

#.###..#.§.§###.@%##▓▓▓▓▓▓
#'###.##......≈≈≈(≈≈≈≈≈≈≈≈
.#.####≈≈.§§..≈#+########+
.#..#≈≈≈≈≈≈≈..≈#_._.....#§
.#.##≈≈≈§≈≈≈≈.≈#._._....#§
#+##≈≈≈≈≈≈≈≈≈≈≈#_._._...#§
≈≈≈≈≈§≈≈§≈≈≈≈§§#._._._..#§
+#+++#§§§≈§§≈≈≈#_._._._.#§
≈≈§≈ ##§§≈###≈§#._._._..#§


You could see an ice dragon.

Vanquished Creatures
  A yaktaur (D)
  3 polar bears (D)
  2 boulder beetles (D)
  A vampire mosquito (D)
  2 hippogriffs (D)
  A wasp (D)
  A crocodile (D)
  4 worker ants (D)
  3 worms (D)
18 creatures vanquished.

Vanquished Creatures (others)
  Menkaure (D)
  A crocodile (D)
2 creatures vanquished.

Grand Total: 20 creatures vanquished

Notes
Turn   | Place    | Note
--------------------------------------------------------------
     0 | D        | Kidiri the Spriggan Enchanter began the quest for the Orb.
     0 | D        | Reached XP level 1. HP: 9/9 MP: 5/5
     1 | D        | Noticed a hippogriff
     1 | D        | Noticed a hippogriff
     7 | D        | Noticed a boulder beetle
     7 | D        | Noticed a boulder beetle
    10 | D        | Noticed a worker ant
    10 | D        | Noticed a worker ant
    42 | D        | Reached skill level 5 in Stealth
    42 | D        | Reached XP level 2. HP: 14/14 MP: 7/7
    45 | D        | Killed a crocodile
    46 | D        | Learned a level 2 spell: Ensorcelled Hibernation
    81 | D        | Reached skill level 1 in Fighting
    81 | D        | Reached skill level 1 in Armour
    81 | D        | Reached skill level 6 in Stealth
    81 | D        | Reached XP level 3. HP: 18/18 MP: 5/9
    84 | D        | Reached skill level 5 in Dodging
    87 | D        | Reached skill level 7 in Stealth
    87 | D        | Reached skill level 1 in Ice Magic
    87 | D        | Reached XP level 4. HP: 22/22 MP: 1/11
    90 | D        | Reached skill level 5 in Spellcasting
    95 | D        | Learned a level 3 spell: Confuse
    96 | D        | Killed Menkaure
    99 | D        | Learned a level 3 spell: Tukima's Dance
   103 | D        | Learned a level 3 spell: Dazzling Spray
   173 | D        | Killed a hippogriff
   173 | D        | Reached skill level 5 in Short Blades
   173 | D        | Reached skill level 8 in Stealth
   173 | D        | Reached skill level 1 in Conjurations
   173 | D        | Reached skill level 5 in Hexes
   173 | D        | Reached XP level 5. HP: 25/27 MP: 12/14
   181 | D        | Killed a hippogriff
   181 | D        | Reached skill level 9 in Stealth
   181 | D        | Reached XP level 6. HP: 29/32 MP: 13/17
   184 | D        | Noticed Roxanne
   187 | D        | Found Memmyx's Gadget Boutique.
   187 | D        | Found Irphuuxzar's Book Shop.
   188 | D        | Reached skill level 10 in Stealth
   213 | D        | Killed a boulder beetle
   213 | D        | Reached XP level 7. HP: 34/36 MP: 3/19
   228 | D        | Killed a boulder beetle
   228 | D        | Reached skill level 10 in Dodging
   228 | D        | Reached skill level 11 in Stealth
   239 | D        | Found Ykhlor's Distillery.
   239 | D        | Found Adeis's Assorted Antiques.
   240 | D        | Found Afaf's Distillery.
   240 | D        | Found Micyxtih's Antique Armour Boutique.
   241 | D        | Noticed a vampire mosquito
   249 | D        | Killed a vampire mosquito
   255 | D        | Found Cirris Yzak's Antique Weapon Boutique.
   255 | D        | Found Qesinwit's Magic Scroll Shop.
   257 | D        | Found Yshural's Jewellery Shop.
   257 | D        | Found Atsef's Magic Scroll Boutique.
   257 | D        | Found Jaheedo's Food Boutique.
   261 | D        | Found Upeshrist's Antique Armour Boutique.
   261 | D        | Found Bokk's Jewellery Shop.
   261 | D        | Noticed a spiny frog
   261 | D        | Noticed a spiny frog
   261 | D        | Noticed an oklob plant
   262 | D        | Found Qimod's Distillery.
   262 | D        | Found Wausk's Weapon Boutique.
   262 | D        | Found Rotan's Book Shoppe.
   268 | D        | Noticed a wyvern
   282 | D        | Bought a book of the Sky for 910 gold pieces
   287 | D        | Learned a level 4 spell: Airstrike
   294 | D        | Learned a level 6 spell: Conjure Ball Lightning
   380 | D        | Found a shadowy altar of Dithmenos.
   380 | D        | Found a corrupted altar of Lugonu.
   380 | D        | Found an ancient bone altar of Kikubaaqudgha.
   381 | D        | Found an oddly glowing altar of Pakellas.
   381 | D        | Found a snail-covered altar of Cheibriados.
   381 | D        | Found a radiant altar of Vehumet.
   382 | D        | Found a viscous altar of Jiyva.
   382 | D        | Found an iron altar of Okawaru.
   382 | D        | Found a burning altar of Makhleb.
   383 | D        | Found an opulent altar of Gozag.
   383 | D        | Found a sacrificial altar of Ru.
   383 | D        | Found a blossoming altar of Fedhas.
   384 | D        | Found a glowing golden altar of the Shining One.
   384 | D        | Found a shimmering altar of Xom.
   385 | D        | Found a stormy altar of Qazlal.
   385 | D        | Found a bloodstained altar of Trog.
   386 | D        | Found a glowing silver altar of Zin.
   388 | D        | Noticed a yaktaur
   388 | D        | Noticed a polar bear
   389 | D        | Noticed a polar bear
   389 | D        | Noticed a polar bear
   390 | D        | Killed a polar bear
   390 | D        | Reached skill level 1 in Air Magic
   390 | D        | Reached XP level 8. HP: 29/42 MP: 22/22
   391 | D        | Killed a polar bear
   391 | D        | Reached skill level 12 in Stealth
   417 | D        | Killed a yaktaur
   424 | D        | Killed a polar bear
   442 | D        | Found a white marble altar of Elyvilon.
   442 | D        | Found a basalt altar of Yredelemnul.
   442 | D        | Found a roughly hewn altar of Beogh.
   443 | D        | Found a sparkling altar of Nemelex Xobeh.
   443 | D        | Found a deep blue altar of Sif Muna.
   444 | D        | Became a worshipper of Dithmenos the Shadowed
   451 | D        | Noticed an ice dragon
   457 | D        | Slain by an ice dragon

Vault maps used:
D:        the_violet_keep_of_menkaure

Action                   |  1- 3 |  4- 6 |  7- 9 || total
-------------------------+-------+-------+-------++-------
Melee: Dagger            |    16 |     6 |    24 ||    46
 Cast: Ensorcelled Hiber |     3 |     1 |     1 ||     5
       Dazzling Spray    |       |     2 |     4 ||     6
       Confuse           |       |       |     6 ||     6
  Use: Potion            |     2 |       |     2 ||     4
 Stab: Sleeping          |     4 |     6 |     5 ||    15
       Confused          |       |       |     3 ||     3
